Map: Orbital Shipyard

Players

Javert - Winner!

  • Race: Zerg Zerg
  • League: Gold

여우

  • Race: Terran Terran
  • League: Gold

VOD

Have the link to the VOD?

Description

Time

  • Played on: Sept. 14, 2015, 1:27 a.m.
  • Length: 18:00
Show
View Real Time Build Order
Export as new Build Order

Javert Zerg - Winner!

Build Orders: Hatch First, Muta Ling Bane 

Get SALT Encoding   

  12  0:01  Drone  
  13  0:12  Overlord  
  13  0:18  Drone  
  14  0:30  Drone  
  14  0:31  Drone  
  14  0:35  Drone  
  17  0:52  Hatchery  
  17  0:55  Drone  
  17  1:00  Drone  
  17  1:03  Extractor  
  17  1:09  Drone  
  18  1:20  Spawning Pool  
  18  1:21  Drone  
  18  1:28  Drone  
  19  1:39  Drone  
  20  1:50  Drone  
  21  2:00  Overlord  
  21  2:08  Queen  
  21  2:09  Queen  
  21  2:10  Metabolic Boost  
  21  2:14  Drone x2  
  27  2:19  Drone  
  28  2:24  Drone  
  28  2:26  Drone  
  30  2:35  Drone  
  31  2:42  Drone  
  32  2:47  Queen x2  
  32  2:49  Overlord  
  36  3:06  Overlord  
  36  3:16  Drone x2  
  36  3:17  Drone x4  
  36  3:18  Drone  
  43  3:22  Overlord  
  43  3:24  Hatchery  
  42  3:48  Drone x4  
  43  3:49  Drone x8  
  54  4:00  Extractor  
  54  4:02  Extractor  
  52  4:03  Lair  
  52  4:07  Extractor  
  51  4:12  Overlord  
  51  4:13  Overlord, Baneling Nest  
  50  4:19  Zergling x4  
  52  4:29  Zergling x2  
  52  4:30  Zergling x10  
  58  4:37  Evolution Chamber x2  
  56  4:40  Overlord x2  
  56  4:52  Overlord x2  
  56  4:57  Spore Crawler  
  56  4:59  Spore Crawler  
  54  5:01  Spore Crawler  
  54  5:02  Spore Crawler x2  
  54  5:04  Spore Crawler  
  50  5:07  Overlord x3  
  50  5:14  Spire  
  50  5:17  Overlord  
  50  5:18  Drone x2  
  49  5:34  Overlord x2  
  47  5:43  Drone x5  
  47  5:44  Drone x4  
  55  5:52  Overlord x2  
  53  6:07  Drone x4  
  53  6:08  Drone x3  
  60  6:20  Overseer  
  60  6:22  Overseer  
  60  6:32  Mutalisk x5  
  62  6:33  Mutalisk x2  
  74  6:40  Extractor  
  74  6:41  Extractor  
  72  6:52  Drone x7, Spore Crawler  
  72  6:53  Drone, Spore Crawler  
  78  6:55  Spore Crawler  
  78  6:57  Spore Crawler  
  78  6:59  Spore Crawler  
  74  7:16  Mutalisk x3  
  74  7:21  Drone x4  
  82  7:24  Drone  
  82  7:25  Drone x4  
  87  7:36  Overlord x2  
  87  7:37  Drone x4  
  87  7:38  Drone  
  87  7:40  Zerg Missile Weapons Level 1  
  87  7:42  Zerg Ground Armor Level 1  
  92  7:49  Overlord x3  
  92  7:50  Drone  
  93  8:00  Hydralisk Den  
  93  8:03  Roach Warren  
  93  8:04  Drone  
  93  8:05  Drone x5  
  97  8:06  Drone  
  98  8:15  Overlord x2  
  98  8:16  Drone x2  
  100  8:41  Centrifical Hooks  
  100  8:43  Glial Reconstitution  
  100  8:45  Muscular Augments  
  102  8:55  Roach  
  102  8:56  Roach x12  
  102  9:01  Extractor  
  102  9:02  Hatchery  
  124  9:03  Extractor  
  123  9:13  Roach x8  
  123  9:14  Roach  
  141  9:32  Infestation Pit  
  141  9:37  Hatchery, Hydralisk  
  141  9:38  Hydralisk x7  
  155  9:52  Zerg Missile Weapons Level 2  
  155  9:56  Overlord x2  
  155  10:03  Hydralisk x4  
  155  10:04  Hydralisk  
  165  10:07  Overlord x2  
  159  10:47  Hydralisk x8  
  159  10:48  Hydralisk x4  
  169  10:59  Overlord x2  
  165  11:07  Drone  
  165  11:08  Drone x8  
  174  11:12  Overlord  
  174  11:21  Zerg Ground Armor Level 2  
  174  11:22  Spore Crawler, Extractor  
  174  11:23  Hive, Extractor  
  174  11:25  Hydralisk x3  
  171  11:26  Hydralisk  
  179  11:36  Drone x3  
  182  11:40  Hydralisk x4  
  190  12:10  Overlord x2  
  190  12:14  Overlord  
  190  12:18  Overseer x2  
  190  12:20  Overlord  
  190  12:21  Overlord  
  190  12:22  Roach x5  
  200  12:25  Overlord  
  200  12:29  Zerg Melee Weapons Level 1  
  200  12:34  Lurker Den  
  200  12:43  Ultralisk Cavern, Greater Spire  
  199  12:51  Overlord x2  
  199  12:54  Overlord x2  
  195  13:20  Overlord x2  
  123  14:04  Unknown  
  123  14:05  Hydralisk  
  123  14:06  Hydralisk x11  
  123  14:07  Hydralisk x11  
  123  14:08  Hydralisk x4  
  173  14:13  Overlord x2  
  173  14:14  Corruptor x5  
  173  14:15  Corruptor x2  
  181  14:29  Drone x2  
  181  14:30  Drone  
  184  14:32  Chitinous Plating  
  184  14:33  Adrenal Glands  
  184  14:51  Corruptor x4  
  192  14:57  Spore Crawler  
  192  14:58  Zerg Flyer Armor Level 1  
  191  15:00  Spore Crawler  
  191  15:01  Spore Crawler  
  177  15:35  Zerg Melee Weapons Level 2  
  133  15:55  Overlord  
  133  15:56  Overlord  
  133  16:29  Ultralisk x5  
  133  16:30  Ultralisk x2  
  133  16:33  Zergling x2  
  133  16:34  Zergling x22  
  133  16:35  Zergling x14  
  133  16:42  Extractor  
  133  16:46  Hatchery  
  133  16:50  Extractor  
  133  17:11  Queen  
  133  17:21  Drone x2  
  133  17:22  Drone  
Show
View Real Time Build Order
Export as new Build Order

여우 Terran 

Build Orders: Liberator Opening 

Get SALT Encoding   

  12  0:01  SCV  
  13  0:13  SCV  
  14  0:18  Refinery  
  14  0:26  Supply Depot  
  14  0:28  SCV  
  15  0:48  SCV  
  16  0:51  Barracks  
  16  1:00  SCV  
  17  1:08  Refinery  
  17  1:12  SCV  
  18  1:24  SCV  
  19  1:36  SCV  
  20  1:40  Factory  
  20  1:49  Supply Depot  
  20  1:51  Orbital Command  
  20  2:19  Command Center  
  20  2:30  Starport  
  20  2:40  Factory Reactor  
  20  2:45  Armory, SCV  
  21  2:53  Marine  
  21  2:57  SCV  
  23  3:09  SCV  
  24  3:14  Liberator  
  24  3:19  Supply Depot  
  24  3:27  SCV  
  25  3:32  Liberator  
  28  3:39  SCV  
  29  3:44  Orbital Command  
  29  3:46  Refinery  
  29  3:51  SCV  
  33  3:55  Refinery  
  33  4:03  SCV  
  33  4:08  Liberator  
  34  4:12  Factory Tech Lab  
  34  4:15  SCV x2  
  36  4:27  SCV x2  
  41  4:35  Siege Tank  
  44  4:39  SCV x2  
  46  4:51  SCV x2  
  48  4:59  Factory  
  48  5:03  SCV  
  48  5:04  SCV  
  50  5:15  SCV  
  50  5:16  SCV  
  52  5:26  Liberator x2  
  52  5:28  SCV  
  53  5:54  SCV  
  53  5:55  Siege Tank  
  57  5:59  SCV, Factory Reactor  
  58  6:04  Supply Depot, Terran Vehicle Weapons Level 1  
  58  6:11  SCV  
  59  6:27  Liberator  
  59  6:28  Liberator  
  65  6:59  Hellion x2  
  69  7:05  Supply Depot  
  60  7:23  Thor  
  60  7:28  Engineering Bay  
  66  7:31  Marine, Liberator x2  
  67  7:49  Marine  
  74  7:57  Missile Turret  
  74  8:03  Missile Turret  
  74  8:04  Missile Turret  
  74  8:07  Marine  
  74  8:08  Thor  
  81  8:14  Liberator  
  81  8:20  Liberator  
  81  8:25  Marine  
  85  8:40  Supply Depot x2  
  88  8:43  Marine  
  89  8:56  Siege Tank  
  89  8:57  Liberator  
  89  8:59  Command Center  
  92  9:03  Factory, Liberator  
  92  9:25  Terran Ship Weapons Level 1  
  92  9:27  Widow Mine x2  
  92  9:31  Thor, Missile Turret x2  
  102  9:32  Missile Turret  
  102  9:34  Missile Turret  
  102  9:53  Refinery  
  102  9:56  Refinery  
  102  10:05  Missile Turret  
  89  11:08  Factory Tech Lab  
  89  11:11  Liberator x2  
  89  11:17  Armory  
  89  11:25  Hellion x2  
  103  11:47  Widow Mine x2  
  103  11:49  Refinery  
  103  11:54  Refinery  
  103  12:03  SCV  
  104  12:08  Terran Vehicle And Ship Armor Level 1  
  104  12:10  Thor x2  
  104  12:15  SCV  
  117  12:16  Widow Mine x2  
  117  12:17  Liberator  
  121  12:27  SCV  
  121  12:28  Liberator  
  125  12:41  Supply Depot  
  125  12:42  Supply Depot  
  125  12:46  SCV  
  129  12:52  Widow Mine x2  
  129  12:53  Siege Tank x2  
  88  13:57  Liberator x2  
  71  14:16  Siege Tank x2  
  83  14:17  Hellion x2  
  83  14:21  Terran Vehicle Weapons Level 2  
  87  14:39  Hellion x2  
  87  14:43  Orbital Command  
  91  14:54  Refinery  
  91  14:56  Command Center  
  91  15:00  Hellion x2  
  93  15:23  Supply Depot  
  38  15:45  Supply Depot  
Tags
 
Add a new tag
Caveats
  • Supply blocks, unpowered buildings, or Contaminate may cause inaccurate times.
  • Supply counts are checked every 10 seconds.